AoeStats
← arec

Arena

510495129Analyzed
1v1 RM · 21h ago on Oct 1, 2026· 36m 39s· 2 players
Game mode
Random Map
Map size
Tiny (2 player)
Population
200
Speed
Normal
Resources
Standard
Victory
Conquest
Starting age
Dark Age
Ending age
Imperial Age
RankedLock teamsTeams togetherTeam positionsShared explorationLock speedFull tech treeHidden civsTurbo modeCheats
Victory
Defeat
🇬🇧 Italians · United Kingdom
1305
+18
🇦🇺 Varangians · Australia
1344
-18
arec
11:22 Feudal Age
15:17 Castle Age
20:19 Imperial Age
18:19 Fletching
19:27 Bodkin Arrow
22:08 Sanctity
22:32 Bracer
24:44 Ballistics
25:56 Redemption
28:22 Block Printing
32:18 Padded Archer Armor
36:11 Spies/Treason
blake7741
10:00 Feudal Age
11:20 Double-Bit Axe
13:40 Castle Age
13:03 Loom
14:55 Bow Saw
14:27 Horse Collar
19:11 Squires
19:47 Squires
20:34 Arson
26:12 Fletching
Connection lost

Rejoining the realm…

Still unreachable

The connection could not be restored.

Session expired

The server has moved on; the page needs a fresh start.